Map: Jagannatha LE

Players

Dark

  • Race: Zerg Zerg
  • Spawn Location: 7:00

Reynor - Winner!

  • Race: Zerg Zerg
  • Spawn Location: 1:00

Event: IEM Katowice 2021

VOD

Have the link to the VOD?

Description

Time

  • Played on: Feb. 27, 2021, 8:58 a.m.
  • Length: 8:34

All games in this series

Show
View Real Time Build Order
Export as new Build Order

Dark Zerg 

Build Orders: Hatch First, Zergling Baneling 

Get SALT Encoding   

  12  0:00  Drone  
  13  0:12  Overlord  
  13  0:17  Drone  
  14  0:31  Drone x2  
  16  0:49  Hatchery  
  15  0:52  Drone  
  16  0:57  Drone  
  16  0:59  Drone  
  18  1:11  Extractor  
  17  1:15  Spawning Pool  
  17  1:18  Drone  
  17  1:20  Drone  
  18  1:28  Drone  
  19  1:39  Drone  
  20  1:51  Drone  
  21  2:02  Queen x2  
  21  2:03  Zergling x2, Drone  
  27  2:11  Overlord  
  27  2:13  Metabolic Boost  
  27  2:15  Zergling x2  
  28  2:33  Zergling x4  
  28  2:34  Drone  
  28  2:36  Drone  
  31  2:44  Drone  
  32  2:46  Drone  
  32  2:51  Baneling Nest  
  32  2:54  Drone x2  
  34  3:06  Drone x2  
  34  3:11  Drone  
  35  3:15  Overlord  
  35  3:22  Overlord  
  35  3:24  Zergling x2, Hatchery  
  35  3:25  Zergling x2  
  36  3:34  Drone  
  36  3:35  Zergling x2, Drone  
  36  3:36  Drone  
  36  3:41  Baneling x3  
  40  3:42  Baneling  
  40  3:43  Baneling x2, Queen  
  40  3:45  Zergling x2  
  43  3:51  Evolution Chamber  
  43  3:53  Drone x2  
  44  3:56  Drone  
  44  4:00  Drone x2  
  41  4:05  Zergling x2  
  41  4:07  Drone  
  42  4:13  Zergling x2  
  42  4:16  Zerg Melee Weapons Level 1  
  41  4:18  Zergling x8  
  41  4:20  Baneling  
  41  4:23  Zergling x2  
  45  4:26  Drone x2  
  45  4:27  Drone  
  48  4:32  Baneling  
  48  4:34  Drone x2  
  50  4:39  Drone  
  50  4:43  Extractor x2, Drone  
  50  4:46  Drone  
  50  4:50  Zergling x2  
  52  4:52  Baneling  
  52  4:53  Baneling  
  52  4:54  Baneling  
  52  4:55  Zergling x6  
  52  4:59  Zergling x2  
  56  5:01  Zergling x2  
  56  5:04  Overlord  
  57  5:07  Overlord  
  57  5:09  Overlord  
  57  5:11  Overlord  
  57  5:12  Baneling x2  
  57  5:13  Overlord  
  57  5:20  Drone x2  
  57  5:25  Zergling x2  
  57  5:26  Zergling x6  
  57  5:27  Drone x2  
  57  5:28  Drone  
  62  5:32  Zergling x2  
  57  5:36  Zergling x6  
  57  5:38  Zergling x4  
  57  5:39  Zergling x2  
  61  5:44  Lair  
  61  5:49  Drone x3  
  64  5:50  Baneling  
  64  5:51  Extractor  
  64  5:56  Baneling x3  
  63  5:58  Zergling x6  
  63  6:00  Baneling x2  
  66  6:06  Drone  
  66  6:11  Zergling x8  
  69  6:14  Spine Crawler  
  69  6:19  Spine Crawler  
  69  6:23  Zergling x8  
  72  6:27  Spine Crawler  
  72  6:29  Spine Crawler  
  69  6:33  Evolution Chamber  
  69  6:34  Baneling x2  
  69  6:35  Baneling x3  
  69  6:36  Baneling  
  69  6:37  Baneling  
  69  6:38  Baneling  
  69  6:39  Baneling  
  68  6:40  Baneling  
  68  6:41  Baneling  
  68  6:47  Baneling x3  
  68  6:48  Baneling  
  67  6:56  Zergling x2  
  67  6:57  Spire  
  63  7:07  Zergling x8, Spine Crawler  
  65  7:13  Zergling x8  
  63  7:20  Zergling x4  
  59  7:25  Zergling x2  
  56  7:32  Zergling x4  
  48  7:39  Zergling x2  
  47  7:44  Zergling x2  
  47  7:48  Zergling x2  
  46  8:01  Zergling x4  
  44  8:10  Mutalisk x2  
Show
View Real Time Build Order
Export as new Build Order

Reynor Zerg - Winner!

Build Orders: Pool First 

Get SALT Encoding   

  12  0:00  Drone  
  13  0:11  Overlord  
  13  0:17  Drone  
  14  0:30  Drone x2  
  16  0:41  Spawning Pool  
  15  0:44  Drone  
  15  0:48  Drone  
  17  1:09  Hatchery  
  16  1:11  Drone  
  16  1:14  Extractor  
  17  1:18  Drone  
  17  1:28  Zergling x4  
  19  1:33  Queen  
  21  1:40  Overlord  
  21  1:52  Drone  
  22  2:00  Drone  
  23  2:09  Queen  
  23  2:10  Drone  
  26  2:17  Metabolic Boost  
  26  2:21  Drone x2  
  28  2:31  Overlord  
  28  2:32  Drone  
  29  2:41  Drone x3  
  32  2:48  Drone  
  32  2:50  Baneling Nest  
  32  2:53  Drone  
  32  2:56  Drone  
  34  3:05  Hatchery  
  33  3:07  Zergling x2  
  34  3:12  Zergling x2  
  34  3:13  Zergling x2  
  34  3:18  Drone x3  
  38  3:20  Zergling x2  
  38  3:22  Zergling x2  
  40  3:27  Overlord  
  40  3:29  Zergling x2  
  40  3:31  Zergling x2  
  40  3:33  Baneling x2  
  42  3:39  Zergling x4, Evolution Chamber  
  43  3:43  Overlord  
  43  3:45  Drone  
  43  3:48  Drone  
  45  3:49  Drone  
  45  3:51  Zergling x2  
  45  3:54  Baneling  
  47  3:59  Drone x3  
  46  4:03  Evolution Chamber  
  46  4:04  Zergling x2  
  43  4:13  Drone  
  43  4:14  Drone x2  
  44  4:19  Overlord  
  44  4:21  Drone  
  44  4:22  Queen  
  48  4:25  Drone x4  
  48  4:30  Zergling x4  
  54  4:32  Zerg Ground Armor Level 1  
  54  4:36  Zergling x2  
  55  4:39  Overlord  
  55  4:40  Baneling  
  55  4:42  Drone  
  55  4:44  Extractor  
  55  4:46  Extractor  
  55  4:48  Drone, Roach Warren  
  55  4:50  Drone  
  55  4:52  Drone  
  56  4:53  Drone  
  56  4:54  Drone  
  56  4:57  Drone x2  
  56  4:58  Drone  
  61  5:05  Baneling x2  
  61  5:08  Baneling  
  61  5:09  Zergling x8  
  61  5:12  Zergling x4  
  67  5:20  Overlord  
  66  5:32  Baneling x3  
  66  5:34  Zergling x4, Roach x2  
  66  5:37  Zergling x8, Roach x2  
  66  5:39  Roach  
  70  5:44  Roach  
  70  5:47  Roach  
  74  5:50  Roach  
  74  5:53  Roach  
  78  5:58  Roach  
  78  6:00  Overlord  
  78  6:02  Roach  
  82  6:08  Zergling x2  
  83  6:11  Zergling x2  
  83  6:12  Zergling x2  
  83  6:18  Zergling x4  
  87  6:19  Baneling x2  
  87  6:20  Baneling x4  
  87  6:21  Zergling x2, Roach x2  
  91  6:26  Roach  
  91  6:30  Zergling x8  
  97  6:32  Baneling  
  97  6:33  Baneling x2  
  97  6:34  Overlord  
  97  6:35  Zergling x2  
  97  6:37  Zergling x2, Overlord  
  98  6:46  Baneling x4  
  94  6:47  Zergling x10  
  94  6:51  Zergling x2  
  97  6:54  Zergling x2  
  97  6:59  Zergling x8  
  101  7:06  Zergling x6  
  104  7:09  Queen  
  104  7:10  Queen  
  104  7:14  Zergling x6  
  103  7:20  Baneling x6  
  103  7:21  Zergling x2  
  93  7:23  Zergling x4  
  85  7:30  Zergling x2  
  85  7:31  Zergling x2  
  85  7:32  Queen  
  85  7:36  Zergling x6  
  83  7:39  Zergling x2  
  83  7:40  Zergling x2  
  83  7:44  Zergling x4  
  80  7:47  Ravager x2  
  80  7:48  Baneling x3  
  80  7:49  Zergling x2  
  82  7:53  Zergling x4  
  82  7:54  Zergling x2  
  82  7:56  Ravager x2  
  82  7:57  Zergling x2  
  88  7:59  Zergling x2  
  88  8:04  Zergling x2  
  86  8:09  Zergling x4  
  81  8:15  Zergling x2  

Tags
 
Add a new tag
Caveats
  • Supply blocks, unpowered buildings, or Contaminate may cause inaccurate times.
  • Supply counts are checked every 10 seconds.